AoeStats
← Mycorrhizal

MegaRandom

510613949Analyzed
3v3 RM · 10h ago on Oct 1, 2026· 56m 15s· 6 players
Game mode
Random Map
Map size
Normal (6 player)
Population
200
Speed
Normal
Resources
Standard
Victory
Conquest
Starting age
Dark Age
Ending age
Imperial Age
RankedLock teamsTeams togetherTeam positionsShared explorationLock speedFull tech treeHidden civsTurbo modeCheats
Victory
Defeat
🇫🇷 Malians · France
1522
+19
🇨🇦 Spanish · Canada
1424
+23
🇬🇧 Malay · United Kingdom
1405
+23
🇮🇳 Saxons · India
1646
-25
🇷🇺 Varangians · Russia
1627
-23
🇬🇧 Persians · United Kingdom
1463
-17
God Of The Sea People
1:34 Loom
13:58 Feudal Age
13:33 Double-Bit Axe
13:28 Horse Collar
15:25 Wheelbarrow
19:42 Castle Age
19:34 Bow Saw
19:28 Heavy Plow
19:38 Gold Mining
20:16 Scale Barding Armor
20:23 Husbandry
21:43 Gold Shaft Mining
21:34 Forging
21:14 Pikeman
27:45 Iron Casting
36:24 Imperial Age
34:14 Hand Cart
35:16 Elite Battle Elephant
36:57 Blast Furnace
36:34 Capped Ram
37:41 Ballistics
38:25 Caravan
40:12 Chemistry
39:28 Squires
42:40 Crop Rotation
44:24 Man-at-Arms
44:50 Arson
45:59 Forced Levy
46:15 Long Swordsman
46:53 Fletching
47:17 Two-Handed Swordsman
53:00 Siege Engineers
53:06 Masonry
slay
1:25 Loom
10:59 Feudal Age
12:21 Double-Bit Axe
13:16 Horse Collar
15:51 Castle Age
14:37 Bloodlines
16:05 Scale Barding Armor
16:50 Forging
17:11 Bow Saw
18:06 Chain Barding Armor
18:22 Husbandry
21:44 Iron Casting
23:25 Wheelbarrow
22:35 Town Watch
24:47 Gold Mining
29:11 Imperial Age
26:58 Hand Cart
27:24 Stone Mining
29:12 Heavy Camel Rider
30:36 Plate Barding Armor
32:04 Heavy Plow
33:46 Farimba
35:20 Chemistry
34:32 Masonry
36:00 Conscription
35:37 Fletching
39:31 Crop Rotation
39:36 Gold Shaft Mining
45:39 Scale Mail Armor
45:02 Pikeman
45:42 Squires
46:42 Chain Mail Armor
46:07 Light Cavalry
47:51 Caravan
47:51 Man-at-Arms
49:05 Plate Mail Armor
48:32 Long Swordsman
49:12 Bodkin Arrow
49:54 Two-Handed Swordsman
51:06 Ballistics
51:17 Architecture
50:40 Champion
56:05 Arson
Mycorrhizal
1:29 Loom
11:17 Feudal Age
14:42 Castle Age
13:03 Stone Mining
13:07 Double-Bit Axe
13:04 Horse Collar
14:55 Fletching
15:08 Padded Archer Armor
17:48 Bow Saw
21:02 Fletching
23:41 Leather Archer Armor
25:05 Gold Mining
28:52 Imperial Age
26:55 Heavy Plow
27:21 Bodkin Arrow
29:46 Town Watch
30:37 Wheelbarrow
30:52 Ring Archer Armor
30:58 Conscription
30:49 Elite Conquistador
32:43 Ballistics
34:26 Husbandry
36:31 Light Cavalry
37:23 Bloodlines
36:35 Light Cavalry
37:21 Scale Barding Armor
38:38 Chain Barding Armor
38:33 Hussar
40:07 Plate Barding Armor
39:44 Forging
44:36 Iron Casting
45:31 Masonry
48:40 Blast Furnace
49:58 Bracer
49:37 Cavalier
54:34 Architecture
55:54 Chemistry
Iguanarama
1:19 Loom
10:31 Feudal Age
11:50 Double-Bit Axe
14:18 Castle Age
12:38 Horse Collar
13:59 Forging
14:33 Scale Barding Armor
14:46 Bloodlines
15:06 Bow Saw
17:51 Scale Barding Armor
18:06 Husbandry
18:32 Gold Mining
20:28 Chain Barding Armor
20:35 Heavy Plow
20:38 Stone Mining
21:35 Wheelbarrow
20:46 Town Watch
23:06 Gold Shaft Mining
23:45 Stone Shaft Mining
23:25 Hand Cart
24:34 Iron Casting
25:51 Town Patrol
29:42 Imperial Age
29:22 Heavy Camel Rider
30:38 Plate Barding Armor
32:00 Blast Furnace
33:46 Two-Man Saw
33:16 Crop Rotation
43:35 Squires
49:33 Caravan
49:02 Light Cavalry
50:36 Hussar
54:23 Fletching
TheSleepyBishop
1:20 Loom
11:51 Feudal Age
13:27 Wheelbarrow
12:55 Gold Mining
13:05 Double-Bit Axe
15:32 Castle Age
13:56 Gold Mining
14:01 Horse Collar
15:41 Bloodlines
16:33 Forging
16:32 Husbandry
16:44 Scale Barding Armor
17:07 Heavy Plow
17:53 Bow Saw
19:16 Scale Barding Armor
20:01 Town Watch
21:50 Chain Barding Armor
22:05 Iron Casting
22:28 Squires
22:14 Gambesons
22:16 Arson
22:32 Scale Mail Armor
23:08 Iron Casting
25:27 Chain Mail Armor
29:10 Fletching
31:01 Bodkin Arrow
30:53 Clerical Recruitment
32:39 Sanctity
32:42 Hand Cart
32:39 Redemption
38:43 Imperial Age
37:24 Pikeman
38:41 Pikeman
39:56 Block Printing
40:16 Theocracy
40:06 Illumination
41:31 Halberdier
42:42 Plate Mail Armor
43:15 Bracer
42:43 Shield Wall
43:45 Conscription
44:00 Hoardings
44:27 Masonry
Mr.Haloka
7:09 Loom
10:38 Feudal Age
11:19 Double-Bit Axe
11:18 Horse Collar
14:29 Castle Age
12:52 Horse Collar
13:54 Bloodlines
15:33 Wheelbarrow
15:07 Scale Barding Armor
21:24 Forging
25:32 Husbandry
26:29 Fletching
30:35 Scale Mail Armor
31:11 Iron Casting
34:07 Imperial Age
32:19 Gambesons
32:55 Chain Mail Armor
33:42 Arson
33:59 Squires
34:50 Bodkin Arrow
35:26 Plate Mail Armor
36:52 Elite Varangian Guard
44:47 Conscription
44:16 Pikeman
45:33 Iron Casting
45:35 Halberdier
50:24 Coinage
50:31 Hand Cart
50:17 Heavy Plow
50:09 Gold Mining
50:10 Stone Mining
Connection lost

Rejoining the realm…

Still unreachable

The connection could not be restored.

Session expired

The server has moved on; the page needs a fresh start.